 Dungeon Crawl Stone Soup version 0.26.0-45-g9c1d065592 (webtiles) character file.

Game seed: 15821563866752599171

282 kaeus the Sneak (level 6, 0/64 HPs)
             Began as an Octopode Monk on Jan 27, 2021.
             Slain by an ogre
             ... wielding a +0 giant club
              (19 damage)
             ... on level 4 of the Dungeon.
             The game lasted 00:03:19 (3002 turns).

kaeus the Sneak (Octopode Monk)                     Turns: 3002, Time: 00:03:19

Health: 0/64       AC: 23    Str: 10    XL:     6   Next: 28%
Magic:  6/6        EV:  2    Int: 13    God:
Gold:   186        SH:  0    Dex: 16    Spells: 5/5 levels left

rFire    . . .     SeeInvis .   a - +0 short sword
rCold    . . .     Faith    +   (no shield)
rNeg     + + +     Spirit   .   (helmet currently unavailable)
rPois    +         Reflect  .   c - amulet of faith
rElec    .         Harm     .   f - ring of stealth
rCorr    .         Rampage  .   (no ring)
Will     .....     NoTele   +   (no ring)
Stlth    ++++......             (no ring)
HPRegen  0.20/turn              (no ring)
MPRegen  0.10/turn              (no ring)
                                (no ring)
                                (no ring)

@: lethally poisoned (0 -> -1), tree-form
A: almost no armour, stealthy swim, (amphibious), 8 rings, (constrict 8)
a: no special abilities


You were on level 4 of the Dungeon.
You were a tree.
You visited 1 branch of the dungeon, and saw 4 of its levels.

You collected 186 gold pieces.

Inventory:

Hand Weapons
 a - a +0 short sword (weapon)
Jewellery
 c - an amulet of faith (around neck)
 f - a ring of stealth (left branch)
Wands
 i - a wand of flame (8)
Scrolls
 d - 3 scrolls of teleportation {unknown}
 e - 2 scrolls of remove curse {unknown}
 g - a scroll of blinking {unknown}
 h - a scroll of enchant armour {unknown}
 j - a scroll of fear {unknown}
 k - 4 scrolls of amnesia {unknown}
 m - a scroll of random uselessness {unknown}
Potions
 b - 2 potions of lignification
 l - 2 potions of curing {unknown}


   Skills:
 + Level 4.0 Fighting
 + Level 4.0 Short Blades
 + Level 4.0 Dodging
 * Level 6.2 Stealth


You had 5 spell levels left.
You didn't know any spells.
Your spell library was empty.

Dungeon Overview and Level Annotations

Branches:
Dungeon (4/15)
 Temple: D:4-7

Altars:
Hepliaklqana
Qazlal


Innate Abilities, Weirdness & Mutations

You cannot wear most types of armour.
You are very stealthy in the water. (Stealth+)
((You are amphibious.))
You can wear up to eight rings at the same time.
((You can use your tentacles to constrict eight enemies at once.))
((Your skin changes colour to match your surroundings (Stealth+).))
((Your rubbery body absorbs attacks. (AC +1, EV +1)))


Message History

You feel sick.
The ogre shouts!
There is an open door, spattered with blood here.
Things that are here:
a scorpion corpse; an orc corpse You take 1 damage, and have 15/43 hp.
You feel sick.
You take 1 damage, and have 14/43 hp.
You start resting.
You feel sick.
An ogre is nearby!
You take 1 damage, and have 13/43 hp.
An ogre is nearby!
You feel sick.
It was a potion of lignification.
You turn into a tree.
Your roots penetrate the ground.
You feel sick.
You now have 19/64 hp.
You hit the ogre.
The ogre is lightly wounded.
The ogre hits you with a +0 giant club!!
You die...

#.).#.........#.....
#...#.........#..<..
##...†.........#.....
##....#....##...#.....
#.....#....##...#.....
#.....#....#....#.....
#..[..#....#....#.....
#....O#....# ...#.....
#....♣#....# #.....
#.....#....#
#.....###### #######


You could see an ogre.

Vanquished Creatures
  An ogre (D:3)
  A scorpion (D:4)
  4 adders
  An ooze (D:3)
  2 worms (D:3)
  5 dart slugs
  6 leopard geckos
  5 orcs
  6 giant cockroaches
  10 goblins
  8 hobgoblins
  4 jackals (D:1)
  A quokka (D:3)
  A ball python (D:3)
  10 bats
  4 frilled lizards
  5 kobolds
  9 rats
83 creatures vanquished.

Notes
Turn   | Place    | Note
-------+----------+-------------------------------------------
     0 | D:1      | kaeus the Octopode Monk began the quest for the Orb.
     0 | D:1      | Reached XP level 1. HP: 16/16 MP: 1/1
   115 | D:1      | Reached skill level 3 in Stealth
   125 | D:1      | Reached XP level 2. HP: 17/21 MP: 2/2
   488 | D:1      | Reached XP level 3. HP: 26/26 MP: 3/3
   928 | D:1      | Reached skill level 4 in Stealth
  1246 | D:2      | Noticed an earth elemental
  1358 | D:2      | Noticed a water elemental
  1361 | D:2      | Found a stormy altar of Qazlal.
  1362 | D:2      | Noticed an air elemental
  1362 | D:2      | Noticed a fire elemental
  1368 | D:2      | Reached XP level 4. HP: 31/31 MP: 4/4
  2299 | D:3      | Reached skill level 5 in Stealth
  2308 | D:3      | Reached XP level 5. HP: 29/36 MP: 5/5
  2760 | D:3      | Noticed an ogre
  2767 | D:3      | Killed an ogre
  2768 | D:3      | Reached XP level 6. HP: 27/43 MP: 6/6
  2960 | D:4      | Found a hazy altar of Hepliaklqana.
  2966 | D:4      | Reached skill level 6 in Stealth
  3002 | D:4      | Slain by an ogre

Illustrated notes

Levels and vault maps discovered:
D:1:      dpeg_arrival_renting, layout_basic, chequers_serial_rivers_micro_d
D:2:      layout_loops_cross, nicolae_qazlal_style_of_elements
D:3:      layout_rooms, serial_curves, eino_curves_04, eino_curves_04,
          minivault_19, grunt_ministairs_14
D:4:      layout_gridville, riverfiend_overflow_shadow_ancestor,
          ebering_ghost_gozag, chequers_serial_rivers_large_a, dk_noncrumbling_3

Skill      XL: |  1  2  3  4  5  6 |
---------------+-------------------+-----
Stealth        | 3 4 5 6 |  6.2
Fighting       | 4 |  4.0
Short Blades   | 4 |  4.0
Dodging        | 4 |  4.0

Action                   |  1- 3 |  4- 6 || total
-------------------------+-------+-------++-------
Melee: Short sword       |    70 |   106 ||   176
       Constrict         |    14 |    21 ||    35
       Tentacles         |    10 |    24 ||    34
  Use: Potion            |       |     1 ||     1
 Stab: Sleeping          |    11 |    13 ||    24
       Distracted        |       |     1 ||     1
Armor: Skin              |     2 |     8 ||    10
Dodge: Dodged            |    30 |    71 ||   101
